 Dungeon Crawl Stone Soup version 0.31-a0-358-gac0dbeb3ab (webtiles) character file.

Game seed: 7446330645802980241

104 garrulousMonolith the Changeling (level 4, -1/29 HPs)
             Began as an Octopode Shapeshifter on July 25, 2023.
             Slain by an orc priest
             ... wielding a +0 club
              (6 damage)
             ... on level 3 of the Dungeon.
             The game lasted 00:02:10 (1724 turns).

garrulousMonolith the Changeling (OpSh)             Turns: 1724, Time: 00:02:11

Health: -1/29      AC:  1    Str: 14    XL:     4   Next: 80%
Magic:  4/4        EV: 13    Int: 12    God:
Gold:   95         SH:  0    Dex: 12    Spells: 3/3 levels left

rFire   . .          .
                       - Unarmed
rCold   . . .        (no shield)
rNeg    + . .        (helmet currently unavailable)
rPois   .            i - amulet of the acrobat
rElec   .            c - ring of positive energy
rCorr   .            (no ring)
SInv    .            (no ring)
Will    .....        (no ring)
Stlth   +++          (no ring)
HPRegen 0.24/turn    (no ring)
MPRegen 0.09/turn    (no ring)
                     (no ring)

%: acrobat
@: beast-form, hasted, very quick
A: beast (slay +2), almost no armour, amphibious, 8 rings, camouflage 1,
gelatinous body 1, (nimble swimmer 1), tentacles
a: Begin Untransformation


You were on level 3 of the Dungeon.
You were a hulking beast.
You visited 1 branch of the dungeon, and saw 3 of its levels.

You collected 95 gold pieces.

Inventory:

Hand Weapons
 m - a +0 sling
 p - a +5 falchion
Missiles
 l - a throwing net
 q - 3 curare-tipped darts
 r - 3 poisoned darts (quivered)
Jewellery
 c - a ring of positive energy (left tentacle)
 i - an amulet of the acrobat (around mantle)
 k - a ring of fire
Talismans
 b - a beast talisman
Scrolls
 d - a scroll of torment
 o - a scroll of amnesia {unknown}
Potions
 a - 2 potions of lignification
 e - 2 potions of haste
 f - a potion of curing {unknown}
 h - 2 potions of magic
 j - 2 potions of enlightenment {unknown}
 n - a potion of heal wounds {unknown}
 s - 2 potions of ambrosia {unknown}


   Skills:
 + Level 1.9 Fighting
 + Level 2.5 Dodging
 + Level 2.1 Stealth
 + Level 3.4 Unarmed Combat
 * Level 3.7 Shapeshifting


You had 3 spell levels left.
You didn't know any spells.
Your spell library was empty.

Dungeon Overview and Level Annotations

Branches:
Dungeon (3/15)

Altars:
Nemelex Xobeh


Innate Abilities, Weirdness & Mutations

You are a hulking beast.
Your limbs bulge with bestial killing power. (Slay +2)
You cannot wear most types of armour.
You are amphibious.
You can wear up to eight rings at the same time.
Your skin changes colour to match your surroundings (Stealth+).
Your rubbery body absorbs attacks. (AC +1, EV +1)
((You are camouflaged when in or above water. (Stealth+)))
You have tentacles for arms and can constrict up to eight enemies at once.


Message History

You tentacle-slap the orc wizard but do no damage.
The orc wizard is moderately wounded.
You constrict the orc wizard.
An orc priest comes into view. It is wielding a +0 club.
The orc barely misses you.
The orc wizard hits you with a +0 dagger.
You completely miss the orc wizard.
The orc priest shouts!
You tentacle-slap the orc wizard.
The orc wizard is severely wounded.
You constrict the orc wizard.
An orc comes into view. It is wielding a +0 flail.
The orc wizard closely misses you.
The orc wizard casts a spell.
The orc wizard flickers and vanishes!
Deactivating autopickup; reactivate with Ctrl-A.
You hear a shout!
You tentacle-slap the orc wizard.
You kill the orc wizard!
The orc throws a boomerang.
The boomerang hits you!
* * * LOW HITPOINT WARNING * * *
The orc misses you.
Your Stealth skill increases to level 2!
Okay, then.
Blink to where?
Press: ? - help, Dir - move target
As you read the scroll labelled GULEXOONATZ, it crumbles to dust.
It was a scroll of blinking.
You feel yourself speed up.
You start resting.
An orc is nearby!
An orc is nearby!
The orc priest mumbles some strange prayers to Beogh against you.
Pain shoots through your body!
* * * LOW HITPOINT WARNING * * *
You barely miss the orc priest. Your grab misses the orc priest.
You tentacle-slap the orc priest. Your grab misses the orc priest.
The orc priest is moderately wounded.
The orc priest hits you with a +0 club.
You die...

### #.. #.# ### #.
# ... #####.#####..
.. . ≈≈≈
#........##.# o
..≈.#.###.##.##.#o#
#o# #.##.##.#.# #.#
#......oo.# #.#
####.##.###
#.######.##{#
#..ho....##o.
##############


You could see an orc priest.

Vanquished Creatures
  An orc wizard (D:3)
  2 adders (D:2)
  A worm (D:2)
  A dart slug (D:1)
  4 orcs (D:3)
  3 ball pythons (D:1)
  5 endoplasms
  2 giant cockroaches (D:1)
  5 goblins
  2 hobgoblins (D:1)
  6 jackals (D:1)
  3 kobolds
  A quokka (D:2)
  6 bats
  4 frilled lizards
  3 rats
49 creatures vanquished.

Notes
Turn   | Place    | Note
-------+----------+-------------------------------------------
     0 | D:1      | garrulousMonolith the Octopode Shapeshifter began the quest
                  | for the Orb.
     0 | D:1      | Reached XP level 1. HP: 13/13 MP: 1/1
   136 | D:1      | Reached XP level 2. HP: 18/18 MP: 2/2
   239 | D:1      | Reached skill level 1 in Stealth
   297 | D:1      | Reached XP level 3. HP: 23/23 MP: 3/3
   824 | D:2      | Found a faded altar of an unknown god.
   975 | D:2      | Reached XP level 4. HP: 29/29 MP: 4/4
   986 | D:2      | Found a sparkling altar of Nemelex Xobeh.
  1724 | D:3      | Slain by an orc priest

Illustrated notes

Levels and vault maps discovered:
D:1:      lightli_arrival_boilingwater, layout_basic, minmay_heptomino_l4
D:2:      layout_rooms, basic_altar, shapermc_ecumenical_altar_pompeii,
          minmay_crystal_room, minmay_misc_feat_secret_circle
D:3:      layout_loops_corners, mainiacjoe_overflow_brackets,
          amcnicky_altar_gilded, serial_shops, shop

Skill      XL: |  1  2  3  4 |
---------------+-------------+-----
Stealth        | 1 2 |  2.1
Fighting       | |  1.9
Dodging        | |  2.5
Unarmed Combat | |  3.4
Shapeshifting  | |  3.7

Action                     |  1- 3 |  4- 6 || total
---------------------------+-------+-------++-------
  Melee: Unarmed           |    59 |    24 ||    83
         Constrict         |    15 |     7 ||    22
         Tentacles         |     9 |     5 ||    14
         Punch             |     2 |     3 ||     5
  Throw: Dart              |       |     1 ||     1
    Use: Scroll            |       |     4 ||     4
         Potion            |       |     1 ||     1
   Stab: Sleeping          |    10 |     1 ||    11
 Armour: Skin              |     7 |       ||     7
  Dodge: Dodged            |    44 |     6 ||    50

Table legend: (Time is in decaauts)
 A = Elapsed time spent in this place.
 B = Non-inter-level travel time spent in this place.
 C = Inter-level travel time spent in this place.
 D = Time resting spent in this place.
 E = Time spent auto-exploring this place.
 F = Levels seen in this place.
 G = Mean time per level.
                   A        B        C        D        E       F      G
               +--------+--------+--------+--------+--------+-----+--------+
         Total |   1712 |   1669 |     43 |    105 |   1221 |   3 |  570.7 |
       Dungeon |   1712 |   1669 |     43 |    105 |   1221 |   3 |  570.7 |
               +--------+--------+--------+--------+--------+-----+--------+

Top non-repeatable levels by time:
     D:1: 802 daAuts
     D:2: 583 daAuts
     D:3: 326 daAuts
